[Event "4NCL Team Rapidplay"]
[Site "Daventry"]
[Date "2013.10.05"]
[Round "5.2"]
[White "Freeman, Richard"]
[Black "Mayhew, Andrew"]
[Result "0-1"]
[ECO "A45"]
[WhiteElo "2030"]
[BlackElo "2058"]
[PlyCount "82"]
[EventDate "2013.10.05"]
[EventType "team-swiss (rapid)"]
[EventRounds "7"]
[EventCountry "ENG"]
[WhiteTeam "MK Phoenix"]
[BlackTeam "RSJ"]
[WhiteTeamCountry "ENG"]
[BlackTeamCountry "ENG"]
[TimeControl "900+145"]
[WhiteClock "0:00:13"]
[BlackClock "0:02:04"]

1. d4 Nf6 2. Bg5 g6 3. Bxf6 exf6 4. e3 Bg7 5. g3 d6 6. Bg2 f5 7. Ne2 Nd7 8. O-O
Nf6 9. c4 h5 10. h4 O-O 11. Nbc3 Re8 12. Nf4 Ng4 13. Nh3 c6 14. b4 Bd7 15. Qb3
Nxe3 16. fxe3 Rxe3 17. Rae1 Rxg3 18. Rf3 Rxf3 19. Bxf3 Qxh4 20. Nf2 Qg3+ 21.
Bg2 Bxd4 22. Ncd1 Qxb3 23. axb3 Re8 24. Rxe8+ Bxe8 25. Kf1 g5 26. Ke2 g4 27.
Nd3 Kg7 28. Nf4 Kh6 29. Kd3 Be5 30. Ke3 Kg5 31. Nd3 h4 32. b5 h3 33. Bh1 g3 34.
bxc6 bxc6 35. Kf3 f4 36. N1f2 Bd7 37. Ne4+ Kh4 38. Nxf4 Bxf4 39. Kxf4 g2 40.
Bxg2 hxg2 41. Nd2 Bg4 0-1

[Event "4NCL Team Rapidplay"]
[Site "Daventry"]
[Date "2013.10.05"]
[Round "5.3"]
[White "Snape, Ian L"]
[Black "Adebajo, Olufemi"]
[Result "1-0"]
[ECO "B77"]
[WhiteElo "2218"]
[BlackElo "1971"]
[PlyCount "99"]
[EventDate "2013.10.05"]
[EventType "team-swiss (rapid)"]
[EventRounds "7"]
[EventCountry "ENG"]
[WhiteTeam "RSJ"]
[BlackTeam "MK Phoenix"]
[WhiteTeamCountry "ENG"]
[BlackTeamCountry "ENG"]
[TimeControl "900+90"]
[WhiteClock "0:04:24"]
[BlackClock "0:02:14"]

1. e4 c5 2. Nf3 d6 3. d4 cxd4 4. Nxd4 Nf6 5. Nc3 g6 6. Be3 Bg7 7. f3 Nc6 8. Qd2
O-O 9. Bc4 Bd7 10. h4 h5 11. O-O-O Rb8 12. Nxc6 bxc6 13. g4 d5 14. g5 Ne8 15.
exd5 Nd6 16. Bb3 cxd5 17. Nxd5 Bf5 18. Bd4 e5 19. Bc5 Kh8 20. Nf6 Bxf6 21. gxf6
Qxf6 22. Qxd6 Qg7 23. Rhe1 f6 24. Kb1 a5 25. Qe7 Rfc8 26. Qxg7+ Kxg7 27. Bd6
Rb6 28. Rd2 Rcc6 29. Red1 e4 30. Ba3 exf3 31. Bd5 Rc3 32. Kc1 Rc7 33. Bxf3 Kh6
34. b3 Re6 35. Bd6 Rxd6 36. Rxd6 Rxc2+ 37. Kb1 Rf2+ 38. Ka1 Rxf3 39. Rxf6 Rh3
40. Rd4 Bg4 41. Rdd6 Rxh4 42. Rxg6+ Kh7 43. Ra6 Be2 44. Rh6+ Kg7 45. Rag6+ Kf7
46. Rc6 Kg7 47. Rhg6+ Kh7 48. Rge6 Rh1+ 49. Kb2 Bg4 50. Rc7+ 1-0

[Event "4NCL Team Rapidplay"]
[Site "Daventry"]
[Date "2013.10.05"]
[Round "5.5"]
[White "Hall, John"]
[Black "Pitcher, John"]
[Result "0-1"]
[ECO "B49"]
[WhiteElo "2269"]
[BlackElo "2246"]
[PlyCount "106"]
[EventDate "2013.10.05"]
[EventType "team-swiss (rapid)"]
[EventRounds "7"]
[EventCountry "ENG"]
[WhiteTeam "Leeds University Old Boys"]
[BlackTeam "Warwickshire Select"]
[WhiteTeamCountry "ENG"]
[BlackTeamCountry "ENG"]
[TimeControl "900+105"]
[WhiteClock "0:01:05"]
[BlackClock "0:00:55"]

1. e4 c5 2. Nf3 e6 3. d4 cxd4 4. Nxd4 Nc6 5. Nc3 Qc7 6. Be3 a6 7. Be2 Nf6 8.
O-O Bb4 9. Na4 Be7 10. Nxc6 bxc6 11. Nb6 Rb8 12. Nxc8 Qxc8 13. Bd4 c5 14. Be5
Rb6 15. b3 O-O 16. Bf3 d6 17. Bb2 Nd7 18. Be2 Qc6 19. Bd3 Bf6 20. Bxf6 Nxf6 21.
Qe2 Rd8 22. a4 a5 23. Rfe1 Rb4 24. Rab1 h6 25. c3 Rbb8 26. Bb5 Qb6 27. Rbd1 d5
28. exd5 Nxd5 29. Qf3 Qc7 30. g3 Ne7 31. Rxd8+ Rxd8 32. Rd1 Rxd1+ 33. Qxd1 Nd5
34. Qf3 g6 35. Bc4 Qe5 36. Bxd5 exd5 37. Qe3 Qd6 38. Qe8+ Kg7 39. Qb5 Qc7 40.
b4 d4 41. bxc5 dxc3 42. c6 Qd6 43. Qc4 Qd1+ 44. Kg2 c2 45. c7 c1=Q 46. c8=Q
Qh1+ 47. Kh3 Qhf1+ 48. Qxf1 Qxf1+ 49. Kg4 Qxf2 50. Qc3+ Kh7 51. Qxa5 f5+ 52.
Kh3 Qf1+ 53. Kh4 g5+ 0-1

[Event "4NCL Team Rapidplay"]
[Site "Daventry"]
[Date "2013.10.05"]
[Round "6.2"]
[White "Cox, John"]
[Black "Mayhew, Andrew"]
[Result "1-0"]
[ECO "A10"]
[WhiteElo "2387"]
[BlackElo "2058"]
[PlyCount "113"]
[EventDate "2013.10.05"]
[EventType "team-swiss (rapid)"]
[EventRounds "7"]
[EventCountry "ENG"]
[WhiteTeam "Barbican"]
[BlackTeam "RSJ"]
[WhiteTeamCountry "ENG"]
[BlackTeamCountry "ENG"]
[TimeControl "900+140"]
[WhiteClock "0:03:15"]
[BlackClock "0:00:56"]

1. c4 f5 2. g3 Nf6 3. Bg2 e6 4. Nf3 Be7 5. O-O O-O 6. Nc3 d6 7. d3 Qe8 8. Rb1
e5 9. b4 Qh5 10. c5 f4 11. cxd6 Bxd6 12. Ne4 Nxe4 13. dxe4 Be6 14. gxf4 exf4
15. e5 Be7 16. Nd4 Bc8 17. Qb3+ Kh8 18. Ne6 f3 19. exf3 Bxe6 20. Qxe6 Qe8 21.
f4 Nc6 22. Be3 Nd8 23. Qc4 c6 24. b5 c5 25. Rfd1 Rc8 26. a4 b6 27. Kh1 Bh4 28.
Rd2 Qh5 29. Rd7 Nf7 30. Qe4 Nh6 31. Bf3 Qe8 32. Rbd1 Nf5 33. Rxa7 Rd8 34. Rxd8
Qxd8 35. Ra8 Qxa8 36. Qxa8 Rxa8 37. Bxa8 Nxe3 38. fxe3 Kg8 39. Kg2 Kf8 40. Kf3
Bd8 41. Be4 g6 42. Bd3 Ke7 43. Ke4 Kd7 44. Bc4 Ke7 45. Kd5 Kd7 46. Be2 Bh4 47.
Bg4+ Kc7 48. Be6 Bf2 49. Ke4 Bg1 50. h3 h6 51. Bf7 g5 52. f5 Kd7 53. f6 Bf2 54.
Bc4 h5 55. e6+ Kd6 56. e7 Kd7 57. Bf7 1-0

[Event "4NCL Team Rapidplay"]
[Site "Daventry"]
[Date "2013.10.05"]
[Round "6.3"]
[White "Snape, Ian L"]
[Black "Rogers, Jonathan"]
[Result "0-1"]
[ECO "A18"]
[WhiteElo "2218"]
[BlackElo "2307"]
[PlyCount "100"]
[EventDate "2013.10.05"]
[EventType "team-swiss (rapid)"]
[EventRounds "7"]
[EventCountry "ENG"]
[WhiteTeam "RSJ"]
[BlackTeam "Barbican"]
[WhiteTeamCountry "ENG"]
[BlackTeamCountry "ENG"]
[TimeControl "900+130"]
[WhiteClock "0:00:39"]
[BlackClock "0:04:19"]

1. c4 Nf6 2. Nc3 e6 3. e4 d5 4. e5 d4 5. exf6 dxc3 6. bxc3 Qxf6 7. d4 e5 8. Nf3
exd4 9. Bg5 Qe6+ 10. Be2 h6 11. Nxd4 Qg6 12. Bf4 Bd6 13. Bd3 Qxg2 14. Qe2+ Kf8
15. Bxd6+ cxd6 16. O-O-O Qg5+ 17. Kb1 Nc6 18. Nb5 g6 19. Nxd6 Kg7 20. f4 Qxf4
21. Ne8+ Rxe8 22. Qxe8 Qe5 23. Rhe1 Qxc3 24. Rg1 Bf5 25. Qe2 Re8 26. Qb2 Qxb2+
27. Kxb2 Bxd3 28. Rxd3 Re2+ 29. Kb1 Rxh2 30. Rd7 Ne5 31. Rxb7 Nxc4 32. Rxa7 h5
33. Rc1 Nd2+ 34. Ka1 h4 35. Rd1 Rf2 36. Rd7 Nf3 37. Rh1 g5 38. a4 g4 39. a5 g3
40. a6 g2 41. Rc1 Rf1 42. Rdd1 g1=Q 43. Rxf1 Qd4+ 44. Ka2 Qa4+ 45. Kb2 Qb5+ 46.
Kc3 Qxa6 47. Ra1 Qc6+ 48. Kd3 h3 49. Ke3 h2 50. Rxf3 Qc3+ 0-1

[Event "4NCL Team Rapidplay"]
[Site "Daventry"]
[Date "2013.10.05"]
[Round "6.4"]
[White "Sanders, Isaac"]
[Black "Talsma, Paul"]
[Result "1-0"]
[ECO "A45"]
[WhiteElo "2269"]
[BlackElo "2192"]
[PlyCount "79"]
[EventDate "2013.10.05"]
[EventType "team-swiss (rapid)"]
[EventRounds "7"]
[EventCountry "ENG"]
[WhiteTeam "Barbican"]
[BlackTeam "RSJ"]
[WhiteTeamCountry "ENG"]
[BlackTeamCountry "ENG"]
[TimeControl "900+115"]
[WhiteClock "0:00:47"]
[BlackClock "0:02:57"]

1. Nc3 Nf6 2. d4 e6 3. e4 Bb4 4. e5 Nd5 5. Qg4 O-O 6. Bh6 g6 7. a3 Bxc3+ 8.
bxc3 c5 9. Nf3 Qa5 10. Bd2 Qc7 11. Bd3 Nc6 12. O-O d6 13. Rae1 dxe5 14. dxe5 f5
15. exf6 Nxf6 16. Qh4 Ne7 17. Bh6 Bd7 18. Ng5 c4 19. Bxf8 Rxf8 20. Bxc4 Ned5
21. Bxd5 exd5 22. Re7 Qd8 23. Rxh7 Nh5 24. Re1 Rf4 25. Qxf4 Nxf4 26. Rh8+ Kxh8
27. Nf7+ Kg7 28. Nxd8 Kf6 29. Nxb7 Ne6 30. Na5 Ba4 31. Nb3 Nf4 32. Nd4 Bd7 33.
g3 Nh3+ 34. Kg2 Ng5 35. f3 Nf7 36. Rb1 Nd6 37. Kf2 Ba4 38. Rb4 Bd7 39. Rb8 Nc4
40. Rb7 1-0

[Event "4NCL Team Rapidplay"]
[Site "Daventry"]
[Date "2013.10.05"]
[Round "6.6"]
[White "Sands, David"]
[Black "Smerdon, David"]
[Result "0-1"]
[ECO "A56"]
[WhiteElo "2243"]
[BlackElo "2523"]
[PlyCount "168"]
[EventDate "2013.10.05"]
[EventType "team-swiss (rapid)"]
[EventRounds "7"]
[EventCountry "ENG"]
[WhiteTeam "Barbican II"]
[BlackTeam "Guildford"]
[WhiteTeamCountry "ENG"]
[BlackTeamCountry "ENG"]
[TimeControl "900+145"]
[WhiteClock "0:00:32"]
[BlackClock "0:02:14"]

1. d4 Nf6 2. c4 c5 3. d5 e5 4. Nc3 d6 5. e4 Nbd7 6. Be2 Be7 7. Nf3 Nf8 8. O-O
Ng6 9. g3 Bh3 10. Re1 h5 11. Ng5 Bd7 12. h4 Ng4 13. Kg2 a6 14. a4 Rb8 15. Bd2
b6 16. Rb1 Qc8 17. b3 f6 18. Nf3 f5 19. exf5 Bxf5 20. Rb2 O-O 21. Rf1 e4 22.
Ng5 Bf6 23. Qc1 Qe8 24. Ra2 Bd4 25. Nd1 Qe5 26. Ne3 Nxh4+ 27. Kg1 Ng6 28. Ne6
Bxe6 29. dxe6 Qxe6 30. Nxg4 hxg4 31. Kg2 Rf7 32. Be3 Rbf8 33. Qd2 Bxe3 34. Qxe3
Rf3 35. Bxf3 gxf3+ 36. Kh2 Rf5 37. g4 Nf4 38. Rh1 Rh5+ 39. Kg3 Ne2+ 40. Rxe2
Rxh1 41. Qxe4 Rg1+ 42. Kxf3 Qf6+ 43. Qf4 Rb1 44. Qxf6 Rxb3+ 45. Ke4 gxf6 46.
Kd5 Kf7 47. Kxd6 Rb4 48. Re7+ Kg6 49. Kd5 Rxa4 50. Re6 b5 51. cxb5 axb5 52.
Kxc5 Rf4 53. Kxb5 Rxf2 54. Kc4 Kg5 55. Kd3 Kxg4 56. Ke3 Rf1 57. Ke2 Rf5 58. Re8
Kg3 59. Rg8+ Rg5 60. Rf8 f5 61. Ke3 Kg4 62. Kf2 Rg7 63. Rf6 Ra7 64. Rf8 Ra2+
65. Ke3 Ra3+ 66. Kf2 Kf4 67. Rb8 Ra2+ 68. Kf1 Kg4 69. Rc8 Ra3 70. Kf2 Ra2+ 71.
Kf1 f4 72. Rb8 Kg3 73. Rf8 Rf2+ 74. Kg1 Ra2 75. Rg8+ Kf3 76. Rb8 Ra1+ 77. Kh2
Re1 78. Rb3+ Kf2 79. Rb8 f3 80. Rf8 Re7 81. Kh3 Rh7+ 82. Kg4 Kg2 83. Rxf3 Rg7+
84. Kf5 Kxf3 0-1

[Event "4NCL Team Rapidplay"]
[Site "Daventry"]
[Date "2013.10.05"]
[Round "6.7"]
[White "Hebden, Mark"]
[Black "Hodgson, John H"]
[Result "1-0"]
[ECO "D00"]
[WhiteElo "2548"]
[BlackElo "2150"]
[PlyCount "66"]
[EventDate "2013.10.05"]
[EventType "team-swiss (rapid)"]
[EventRounds "7"]
[EventCountry "ENG"]
[WhiteTeam "Guildford"]
[BlackTeam "Barbican II"]
[WhiteTeamCountry "ENG"]
[BlackTeamCountry "ENG"]
[TimeControl "900+85"]
[WhiteClock "0:05:40"]
[BlackClock "0:02:51"]

1. d4 Nf6 2. Nf3 g6 3. Nc3 d5 4. Bf4 Bg7 5. Qd2 O-O 6. e3 c5 7. dxc5 Qa5 8. e4
dxe4 9. Nxe4 Qxd2+ 10. Nexd2 Nbd7 11. c6 bxc6 12. O-O-O Nd5 13. Bg3 Nc5 14. Bc4
Nb6 15. Be5 Nxc4 16. Bxg7 Kxg7 17. Nxc4 Bg4 18. Nce5 Bxf3 19. Nxf3 f6 20. Nd4
e5 21. Nxc6 Rfc8 22. Ne7 Rc7 23. Nd5 Rc6 24. Rhe1 a5 25. Re3 Rb8 26. Rc3 Kf7
27. Ne3 Rbc8 28. f3 f5 29. Nc4 Ke6 30. Nxa5 Ra6 31. b4 Rc7 32. a3 Ke7 33. Rd5
Ra8 1-0

[Event "4NCL Team Rapidplay"]
[Site "Daventry"]
[Date "2013.10.05"]
[Round "6.8"]
[White "Bhatia, Kanwal K"]
[Black "Wall, Gavin"]
[Result "0-1"]
[ECO "C41"]
[WhiteElo "2039"]
[BlackElo "2333"]
[PlyCount "74"]
[EventDate "2013.10.05"]
[EventType "team-swiss (rapid)"]
[EventRounds "7"]
[EventCountry "ENG"]
[WhiteTeam "Barbican II"]
[BlackTeam "Guildford"]
[WhiteTeamCountry "ENG"]
[BlackTeamCountry "ENG"]
[TimeControl "900+175"]
[WhiteClock "0:00:39"]
[BlackClock "0:00:55"]

1. e4 e5 2. Nf3 d6 3. d4 exd4 4. Nxd4 Nf6 5. Nc3 Be7 6. Bc4 O-O 7. Bb3 Na6 8.
O-O Nc5 9. Re1 c6 10. h3 Re8 11. Bf4 Bf8 12. Qf3 Nxb3 13. axb3 Nd7 14. Rad1 Ne5
15. Qg3 Qa5 16. Nf5 Bxf5 17. exf5 Nd7 18. Bxd6 Qxf5 19. Bxf8 Nxf8 20. Qc7 Qxc2
21. Rxe8 Rxe8 22. Qxb7 Qxb2 23. Qxc6 Re6 24. Qc4 Qc2 25. Ra1 a6 26. Qc8 Rf6 27.
Rf1 Qxb3 28. Ne4 Rg6 29. Ng3 h6 30. Nf5 Re6 31. Qd8 Qb4 32. Rc1 Kh7 33. Qd3 Ng6
34. Rc4 Qb8 35. g3 Re1+ 36. Kg2 Qb7+ 37. Qf3 Rg1+ 0-1

[Event "4NCL Team Rapidplay"]
[Site "Daventry"]
[Date "2013.10.05"]
[Round "6.2"]
[White "Josse, Mark"]
[Black "Thomas, Nicholas"]
[Result "1-0"]
[ECO "C04"]
[WhiteElo "2173"]
[BlackElo "2295"]
[PlyCount "74"]
[EventDate "2013.10.05"]
[EventType "team-swiss (rapid)"]
[EventRounds "7"]
[EventCountry "ENG"]
[WhiteTeam "SMPS"]
[BlackTeam "Warwickshire Select"]
[WhiteTeamCountry "ENG"]
[BlackTeamCountry "ENG"]
[TimeControl "900+215"]
[WhiteClock "0:01:15"]
[BlackClock "0:00:15"]

1. d4 e6 2. e4 d5 3. Nd2 Nc6 4. Ngf3 Nf6 5. e5 Nd7 6. c3 f6 7. Bb5 fxe5 8. dxe5
Be7 9. Nd4 Nxd4 10. cxd4 O-O 11. O-O c5 12. f4 cxd4 13. Nb3 Qb6 14. Bd3 Nc5 15.
Nxc5 Bxc5 16. Qh5 g6 17. Bxg6 Qc7 18. Bd3 Qf7 19. Qe2 Bd7 20. Bd2 Bb5 21. Bxh7+
Qxh7 22. Qxb5 Bb6 23. Rf3 Rf5 24. Raf1 Rh5 25. h3 Kh8 26. Rg3 Rc8 27. Bb4 Rf5
28. Kh2 Qf7 29. Rg4 Bd8 30. Rf3 a6 31. Qd3 Rc4 32. a3 a5 33. Bd2 Bb6 34. Rfg3
Rc7 35. Rg6 Rh5 36. Rf6 Qh7 37. Rg8+ Kxg8 1-0

[Event "4NCL Team Rapidplay"]
[Site "Daventry"]
[Date "2013.10.05"]
[Round "6.3"]
[White "Mason, Donald J"]
[Black "Holmes, Richard"]
[Result "1/2-1/2"]
[ECO "E73"]
[WhiteElo "2204"]
[BlackElo "2270"]
[PlyCount "117"]
[EventDate "2013.10.05"]
[EventType "team-swiss (rapid)"]
[EventRounds "7"]
[EventCountry "ENG"]
[WhiteTeam "Warwickshire Select"]
[BlackTeam "SMPS"]
[WhiteTeamCountry "ENG"]
[BlackTeamCountry "ENG"]
[TimeControl "900+110"]
[WhiteClock "0:00:21"]
[BlackClock "0:00:23"]

1. d4 Nf6 2. c4 g6 3. Nc3 Bg7 4. e4 d6 5. Be2 O-O 6. Bg5 Nbd7 7. h4 h6 8. Be3
e5 9. d5 Nc5 10. Qc2 a5 11. h5 g5 12. f3 c6 13. g4 cxd5 14. Bxc5 dxc5 15. cxd5
Ne8 16. Bb5 Nd6 17. a4 c4 18. Nge2 Qb6 19. Ng3 Rd8 20. Nf5 Bxf5 21. gxf5 Rac8
22. Qf2 Rc5 23. Kf1 Bf8 24. Kg2 Nc8 25. Rhc1 Rc7 26. Qxb6 Nxb6 27. Kf1 Bc5 28.
Ke2 Bd4 29. Rc2 Kf8 30. Rac1 Ke7 31. Nd1 Rdc8 32. b3 c3 33. Kd3 Kd6 34. Nxc3
Rxc3+ 35. Rxc3 Rxc3+ 36. Rxc3 Bxc3 37. Kxc3 Kc5 38. f6 Nc8 39. Be8 Nd6 40. Bd7
Kb6 41. b4 axb4+ 42. Kxb4 Kc7 43. Bb5 g4 44. fxg4 Nxe4 45. Be8 Nxf6 46. Bxf7
Nxg4 47. Kc5 b6+ 48. Kb5 Nf6 49. d6+ Kxd6 50. Kxb6 e4 51. Bc4 Nxh5 52. a5 Nf6
53. a6 Nd7+ 54. Kb5 Kc7 55. Bd5 e3 56. Bf3 Kb8 57. Kb4 Ka7 58. Kc3 Nc5 59. Kd4
1/2-1/2

[Event "4NCL Team Rapidplay"]
[Site "Daventry"]
[Date "2013.10.05"]
[Round "6.5"]
[White "Tavares, Shawn P"]
[Black "Pein, Malcolm"]
[Result "0-1"]
[ECO "B91"]
[WhiteElo "2143"]
[BlackElo "2371"]
[PlyCount "88"]
[EventDate "2013.10.05"]
[EventType "team-swiss (rapid)"]
[EventRounds "7"]
[EventCountry "ENG"]
[WhiteTeam "BCM Dragons"]
[BlackTeam "CSC"]
[WhiteTeamCountry "ENG"]
[BlackTeamCountry "ENG"]
[TimeControl "900+110"]
[WhiteClock "0:00:39"]
[BlackClock "0:00:54"]

1. e4 c5 2. Nf3 d6 3. d4 cxd4 4. Nxd4 Nf6 5. Nc3 a6 6. g3 e5 7. Nde2 Nbd7 8.
Bg2 Qc7 9. O-O b5 10. h3 h5 11. Bg5 Bb7 12. Qd2 Be7 13. Rfc1 Nb6 14. b3 g6 15.
a3 O-O 16. Qe3 Rac8 17. Qf3 Kg7 18. Qe3 Rfd8 19. Rd1 Ng8 20. Bxe7 Nxe7 21. f4
f6 22. g4 hxg4 23. hxg4 Qc5 24. Qxc5 dxc5 25. fxe5 fxe5 26. Kf2 Nc6 27. Rxd8
Rxd8 28. Rd1 Nd4 29. Nxd4 cxd4 30. Nb1 Rc8 31. Rd2 Nd7 32. g5 Nc5 33. Re2 Ne6
34. Bh3 Rf8+ 35. Kg3 Nxg5 36. Bg2 Rc8 37. Kf2 Ne6 38. Bf3 Nf4 39. Rd2 Rh8 40.
c3 Rh2+ 41. Ke1 Rh3 42. Kf2 d3 43. Ke3 g5 44. Kf2 Kg6 0-1

[Event "4NCL Team Rapidplay"]
[Site "Daventry"]
[Date "2013.10.05"]
[Round "7.2"]
[White "Cox, John"]
[Black "Sands, David"]
[Result "1/2-1/2"]
[ECO "A37"]
[WhiteElo "2387"]
[BlackElo "2243"]
[PlyCount "61"]
[EventDate "2013.10.05"]
[EventType "team-swiss (rapid)"]
[EventRounds "7"]
[EventCountry "ENG"]
[WhiteTeam "Barbican"]
[BlackTeam "Barbican II"]
[WhiteTeamCountry "ENG"]
[BlackTeamCountry "ENG"]
[TimeControl "900+200"]
[WhiteClock "0:01:09"]
[BlackClock "0:00:12"]

1. c4 c5 2. g3 g6 3. Bg2 Bg7 4. Nc3 Nc6 5. Nf3 e6 6. d3 Nge7 7. Bg5 h6 8. Bd2
b6 9. a3 d5 10. O-O O-O 11. Rb1 Bb7 12. Qc1 Kh7 13. b4 cxb4 14. axb4 Qd7 15.
cxd5 Nxd5 16. Nxd5 exd5 17. b5 Ne7 18. Bb4 Rfe8 19. Qf4 Ng8 20. Rfc1 Rac8 21.
Rxc8 Bxc8 22. Rc1 Qxb5 23. Rc7 Be6 24. Rxa7 Nf6 25. h3 Nd7 26. Kh2 Kg8 27. Nd4
Qxb4 28. Nxe6 Qxf4 29. Nxf4 Nf6 30. Nxd5 Rxe2 31. Kg1 1/2-1/2

[Event "4NCL Team Rapidplay"]
[Site "Daventry"]
[Date "2013.10.05"]
[Round "7.3"]
[White "Hodgson, John H"]
[Black "Rogers, Jonathan"]
[Result "1/2-1/2"]
[ECO "B01"]
[WhiteElo "2150"]
[BlackElo "2307"]
[PlyCount "36"]
[EventDate "2013.10.05"]
[EventType "team-swiss (rapid)"]
[EventRounds "7"]
[EventCountry "ENG"]
[WhiteTeam "Barbican II"]
[BlackTeam "Barbican"]
[WhiteTeamCountry "ENG"]
[BlackTeamCountry "ENG"]
[TimeControl "900+115"]
[WhiteClock "0:07:42"]
[BlackClock "0:07:52"]

1. e4 d5 2. exd5 Nf6 3. Nf3 Nxd5 4. d4 g6 5. c4 Nb6 6. c5 Nd5 7. Bc4 Bg7 8. Nc3
c6 9. O-O O-O 10. Re1 b6 11. cxb6 Nxc3 12. bxc3 axb6 13. Bg5 Bf6 14. Bh6 Bg7
15. Bg5 Ra7 16. Qe2 Bf6 17. Bh6 Bg7 18. Bg5 Ra8 1/2-1/2

[Event "4NCL Team Rapidplay"]
[Site "Daventry"]
[Date "2013.10.05"]
[Round "7.4"]
[White "Sanders, Isaac"]
[Black "Bhatia, Kanwal K"]
[Result "1-0"]
[ECO "C45"]
[WhiteElo "2269"]
[BlackElo "2039"]
[PlyCount "47"]
[EventDate "2013.10.05"]
[EventType "team-swiss (rapid)"]
[EventRounds "7"]
[EventCountry "ENG"]
[WhiteTeam "Barbican"]
[BlackTeam "Barbican II"]
[WhiteTeamCountry "ENG"]
[BlackTeamCountry "ENG"]
[TimeControl "900+270"]
[WhiteClock "0:01:12"]
[BlackClock "0:00:14"]

1. e4 e5 2. Nf3 Nc6 3. d4 exd4 4. Nxd4 Bc5 5. Be3 Qf6 6. c3 Nge7 7. Bc4 Ne5 8.
Be2 d6 9. O-O Qg6 10. Re1 O-O 11. Nd2 Bh3 12. g3 f5 13. exf5 Nxf5 14. Nxf5 Qxf5
15. Bxc5 dxc5 16. f4 Rad8 17. Qb3+ Kh8 18. Bf1 Bxf1 19. Rxe5 Qh3 20. Nxf1 Rde8
21. Rae1 Rxe5 22. Rxe5 b6 23. Qe6 Qxe6 24. Rxe6 1-0

[Event "4NCL Team Rapidplay"]
[Site "Daventry"]
[Date "2013.10.05"]
[Round "7.6"]
[White "Smerdon, David"]
[Black "Davies, Matthew"]
[Result "1-0"]
[ECO "C41"]
[WhiteElo "2523"]
[BlackElo "1929"]
[PlyCount "77"]
[EventDate "2013.10.05"]
[EventType "team-swiss (rapid)"]
[EventRounds "7"]
[EventCountry "ENG"]
[WhiteTeam "Guildford"]
[BlackTeam "West in Best"]
[WhiteTeamCountry "ENG"]
[TimeControl "900+130"]
[WhiteClock "0:01:14"]
[BlackClock "0:01:52"]

1. e4 e5 2. Nf3 d6 3. d4 exd4 4. Nxd4 Nf6 5. Nc3 Be7 6. Nde2 O-O 7. g3 Re8 8.
Bg2 c6 9. O-O Qb6 10. Qd4 Nbd7 11. Qxb6 axb6 12. b3 Nc5 13. Bb2 Bf8 14. f3 b5
15. Nf4 Ne6 16. Nce2 Nxf4 17. Nxf4 Be7 18. Rfd1 Nd7 19. Nd3 Nc5 20. h3 Nxd3 21.
Rxd3 Be6 22. f4 f5 23. Kh2 g6 24. a3 Kf7 25. Rd2 fxe4 26. Bxe4 d5 27. Bd3 Bf6
28. Bxf6 Kxf6 29. g4 Bf7 30. Rf2 b4 31. a4 b6 32. Raf1 c5 33. g5+ Kg7 34. f5 c4
35. fxg6 Bxg6 36. Bxg6 Kxg6 37. Rf6+ Kxg5 38. R1f5+ Kh4 39. Rh6# 1-0

[Event "4NCL Team Rapidplay"]
[Site "Daventry"]
[Date "2013.10.05"]
[Round "7.7"]
[White "Parry, Matthew"]
[Black "Hebden, Mark"]
[Result "0-1"]
[ECO "E97"]
[WhiteElo "1690"]
[BlackElo "2548"]
[PlyCount "58"]
[EventDate "2013.10.05"]
[EventType "team-swiss (rapid)"]
[EventRounds "7"]
[EventCountry "ENG"]
[WhiteTeam "West in Best"]
[BlackTeam "Guildford"]
[BlackTeamCountry "ENG"]
[TimeControl "900+205"]
[WhiteClock "0:00:14"]
[BlackClock "0:07:32"]

1. d4 Nf6 2. c4 g6 3. Nc3 Bg7 4. e4 d6 5. Nf3 O-O 6. Be2 e5 7. O-O Nc6 8. d5
Ne7 9. Nd2 Ne8 10. b4 f5 11. c5 Kh8 12. a4 Ng8 13. Nc4 Ngf6 14. f3 f4 15. Ba3
Qe7 16. Rc1 g5 17. cxd6 cxd6 18. b5 Rg8 19. Rf2 h5 20. Bf1 g4 21. Rfc2 Bf8 22.
b6 a6 23. Kh1 h4 24. h3 gxh3 25. gxh3 Nh5 26. Ne2 Qd8 27. a5 Bd7 28. Rc3 Qg5
29. Kh2 Ng3 0-1

[Event "4NCL Team Rapidplay"]
[Site "Daventry"]
[Date "2013.10.05"]
[Round "7.8"]
[White "Wall, Gavin"]
[Black "Richardt, Mike"]
[Result "1-0"]
[ECO "B06"]
[WhiteElo "2333"]
[BlackElo "1967"]
[PlyCount "87"]
[EventDate "2013.10.05"]
[EventType "team-swiss (rapid)"]
[EventRounds "7"]
[EventCountry "ENG"]
[WhiteTeam "Guildford"]
[BlackTeam "West in Best"]
[WhiteTeamCountry "ENG"]
[TimeControl "900+165"]
[WhiteClock "0:04:38"]
[BlackClock "0:01:15"]

1. e4 g6 2. d4 Bg7 3. Nc3 d5 4. exd5 Nf6 5. Bc4 Nbd7 6. Qf3 Nb6 7. Bb3 Bg4 8.
Qg3 Qd7 9. h3 Bf5 10. Qf3 O-O-O 11. g4 Nfxd5 12. Nxd5 Nxd5 13. Bxd5 Qxd5 14.
Qxd5 Rxd5 15. gxf5 Bxd4 16. fxg6 hxg6 17. c3 Re5+ 18. Kf1 Bb6 19. Nf3 Rf5 20.
Kg2 Rd8 21. Be3 Rd6 22. Rad1 Bxe3 23. Rxd6 exd6 24. fxe3 Kd7 25. e4 Rf4 26. Re1
Rf6 27. e5 Re6 28. exd6 Kxd6 29. Rxe6+ Kxe6 30. Kg3 c5 31. Kf4 f6 32. h4 b5 33.
Ke4 a5 34. b3 Kd6 35. Ne1 g5 36. hxg5 fxg5 37. Kf5 Kd5 38. Kxg5 b4 39. cxb4
cxb4 40. Kf4 Kc5 41. Ke3 Kd5 42. Kd3 Kc5 43. Nc2 Kb5 44. Ne3 1-0

[Event "4NCL Team Rapidplay"]
[Site "Daventry"]
[Date "2013.10.05"]
[Round "7.2"]
[White "Mayhew, Andrew"]
[Black "Thomas, Nicholas"]
[Result "1/2-1/2"]
[ECO "E43"]
[WhiteElo "2058"]
[BlackElo "2295"]
[PlyCount "58"]
[EventDate "2013.10.05"]
[EventType "team-swiss (rapid)"]
[EventRounds "7"]
[EventCountry "ENG"]
[WhiteTeam "RSJ"]
[BlackTeam "Warwickshire Select"]
[WhiteTeamCountry "ENG"]
[BlackTeamCountry "ENG"]
[TimeControl "900+235"]
[WhiteClock "0:01:20"]
[BlackClock "0:04:04"]

1. d4 e6 2. c4 Nf6 3. Nc3 Bb4 4. a3 Bxc3+ 5. bxc3 b6 6. e3 Bb7 7. Ne2 d6 8. Ng3
Nbd7 9. f3 O-O 10. Bd3 Re8 11. O-O e5 12. e4 Nf8 13. Ra2 Ng6 14. Bg5 h6 15. Be3
Nf4 16. Bxf4 exf4 17. Nf5 Bc8 18. Re1 Bxf5 19. exf5 Rxe1+ 20. Qxe1 Qd7 21. Qh4
Qa4 22. Qxf4 Qd1+ 23. Bf1 Re8 24. Qg3 Qb1 25. Qf2 Re1 26. Re2 Rxe2 27. Qxe2
Qxf5 28. g3 Kf8 29. Qe3 Qc2 1/2-1/2

[Event "4NCL Team Rapidplay"]
[Site "Daventry"]
[Date "2013.10.05"]
[Round "7.3"]
[White "Mason, Donald J"]
[Black "Snape, Ian L"]
[Result "0-1"]
[ECO "A43"]
[WhiteElo "2204"]
[BlackElo "2218"]
[PlyCount "52"]
[EventDate "2013.10.05"]
[EventType "team-swiss (rapid)"]
[EventRounds "7"]
[EventCountry "ENG"]
[WhiteTeam "Warwickshire Select"]
[BlackTeam "RSJ"]
[WhiteTeamCountry "ENG"]
[BlackTeamCountry "ENG"]
[TimeControl "900+135"]
[WhiteClock "0:00:18"]
[BlackClock "0:05:59"]

1. d4 c5 2. d5 g6 3. e4 d6 4. Nc3 Bg7 5. g3 Nf6 6. Bg2 O-O 7. Nf3 b5 8. Nh4 b4
9. Ne2 Na6 10. O-O Rb8 11. h3 Nc7 12. f4 e6 13. f5 exd5 14. exd5 Bb7 15. c4
bxc3 16. Nxc3 Ba6 17. Re1 Qd7 18. a4 Rb4 19. Ra3 Rd4 20. Qf3 Ncxd5 21. Nxd5
Nxd5 22. Bg5 h6 23. Nxg6 fxg6 24. Qxd5+ Rxd5 25. Bxd5+ Kh8 26. Be6 Qc6 0-1